 Dungeon Crawl Stone Soup version 0.32-a0-630-g46d191b0ed (webtiles) character file.

Game seed: 7247689139353570307

7 Shayle the Apothecary (level 2, -1/19 HPs)
             Began as a Coglin Alchemist on Mar 6, 2024.
             Slain by a ball python (2 damage)
             ... on level 1 of the Dungeon.
             The game lasted 00:01:12 (145 turns).

Shayle the Apothecary (Coglin Alchemist)             Turns: 145, Time: 00:01:12

Health: -1/19      AC:  2    Str:  8    XL:     2   Next: 0%
Magic:  4/4        EV:  2    Int: 14    God:
Gold:   0          SH:  0    Dex: 14    Spells: 3/4 levels left

rFire   . . .        (no weapon)
rCold   . . .        (no shield)
rNeg    . . .        a - +0 robe
rPois   .            (no helmet)
rElec   .            (no cloak)
rCorr   .            (no gloves)
SInv    .            (no boots)
Will    .....        (amulet unavailable)
Stlth   ++           (ring unavailable)
HPRegen 0.23/turn    (ring unavailable)
MPRegen 0.09/turn    (no gizmo)

%: no passive effects
@: constricted, revving
A: off-hand wielding, slow wielding, warmup strikes, no jewellery
a: Invent Gizmo


You were on level 1 of the Dungeon.
You visited 1 branch of the dungeon, and saw 1 of its levels.

Inventory:

Armour
 a - a +0 robe (worn)
Scrolls
 c - a scroll of revelation {unknown}


   Skills:
 + Level 1.9 Dodging
 - Level 1.5 Stealth
 + Level 1.9 Spellcasting
 + Level 1.1 Conjurations
 + Level 3.4 Alchemy


You had 3 spell levels left.
You knew the following spells:

 Your Spells              Type           Power      Damage    Failure   Level
a - Sting                 Conj/Alch      28%        1d4       10%         1

Your spell library contained the following spells:

 Spells                   Type           Power      Damage    Failure   Level
 Mercury Vapours          Alch/Air       12%        N/A       19%         2
 Mephitic Cloud           Conj/Alch/Air  5%         N/A       36%         3
 Olgreb's Toxic Radiance  Alch           10%        N/A       52%         4
 Sticky Flame             Fire/Alch      6%         2d4       75%         4


Dungeon Overview and Level Annotations

Branches:
Dungeon (1/15)

Altars:


Innate Abilities, Weirdness & Mutations

You can wield a second weapon in your off-hand.
It takes a long time for you to wield or remove held weapons.
Your first few attacks do less damage.
You cannot equip rings or amulets.


Message History

Confirm with . or Enter, or press ? or * to list all spells.
Aiming: Sting (safe; 10% risk of failure)
Press: ? - help, Shift-Dir - straight line, f - bat
Aim: a bat (52% to hit)
The sting hits the bat.
The bat is poisoned.
The bat is severely wounded.
You kill the bat!
You have reached level 2!
Casting: Sting (safe; 10% risk of failure)
Confirm with . or Enter, or press ? or * to list all spells.
Aiming: Sting (safe; 10% risk of failure)
Press: ? - help, Shift-Dir - straight line, f - ball python
Aim: a ball python (64% to hit)
The sting misses the ball python.
The ball python barely misses you. The ball python closely misses you.
Casting: Sting (safe; 10% risk of failure)
Confirm with . or Enter, or press ? or * to list all spells.
Aiming: Sting (safe; 10% risk of failure)
Press: ? - help, Shift-Dir - straight line, f/p - ball python
Aim: a ball python (64% to hit)
The sting misses the ball python.
The ball python closely misses you. The ball python grabs you.
The ball python constricts you.
You barely miss the ball python. The ball python bites you.
The ball python constricts you.
You barely miss the ball python. The ball python bites you.
The ball python constricts you.
You hit the ball python but do no damage.
The ball python bites you. The ball python constricts you.
The ball python bites you. The ball python constricts you.
You hit the ball python but do no damage.
The ball python bites you.
* * * LOW HITPOINT WARNING * * *
The ball python constricts you.
* * * LOW HITPOINT WARNING * * *
You hit the ball python but do no damage.
The ball python bites you.
* * * LOW HITPOINT WARNING * * *
The ball python constricts you. Magic courses through your body.
The ball python bites you.
You die...

..... .... .... #..
#. ### #.. #. #.. #.#
##.##.# # #S##
......###.# #@.##
......#.. ##..#
........ #########.#
......####...##...##
####...##..........#
.....#..............#
#######.............#
....................#
#########..........##


You could see a ball python.

Vanquished Creatures
  2 bats (D:1)
  2 endoplasms (D:1)
  A ball python (D:1)
  A frilled lizard (D:1)
6 creatures vanquished.

Notes
Turn   | Place    | Note
-------+----------+-------------------------------------------
     0 | D:1      | Shayle the Coglin Alchemist began the quest for the Orb.
     0 | D:1      | Reached XP level 1. HP: 13/13 MP: 3/3
    49 | D:1      | Reached skill level 1 in Conjurations
   138 | D:1      | Reached XP level 2. HP: 19/19 MP: 2/4
   145 | D:1      | Slain by a ball python

Illustrated notes

Levels and vault maps discovered:
D:1:      mushboom_english_gardens, layout_rooms, st_stairs_6,
          minmay_lizard_pond

Skill      XL: |  1 |
---------------+----+-----
Conjurations   | 1 |  1.1
Dodging        | |  1.9
Stealth        | |  1.5
Spellcasting   | |  1.9
Alchemy        | |  3.4

Action                     || total
---------------------------++-------
  Melee: Unarmed           ||    12
   Cast: Sting             ||    10
    Use: Scroll            ||     1
         Potion            ||     1
 Armour: Robe              ||    28
  Dodge: Dodged            ||    18

Table legend: (Time is in decaauts)
 A = Elapsed time spent in this place.
 B = Non-inter-level travel time spent in this place.
 C = Inter-level travel time spent in this place.
 D = Time resting spent in this place.
 E = Time spent auto-exploring this place.
 F = Levels seen in this place.
 G = Mean time per level.
                   A        B        C        D        E       F      G
               +--------+--------+--------+--------+--------+-----+--------+
         Total |    145 |    145 |      0 |     51 |      1 |   1 |  145.0 |
       Dungeon |    145 |    145 |      0 |     51 |      1 |   1 |  145.0 |
               +--------+--------+--------+--------+--------+-----+--------+

Top non-repeatable levels by time:
     D:1: 145 daAuts
